Cogmind - Beta 15 @@@ ROGUE MODE // 2025.05.11 @ 17:42:46 Player: OJ Result: Destroyed by YI-UF0 with YI-UF0's Doublenader Performance ------------- Evolutions (0) 0 Regions Visited (2) 400 Robots Destroyed (24) 120 Value Destroyed (495) 495 Prototype IDs (0) 0 Alien Tech Used (0) 0 Bonus (0) 0 TOTAL SCORE: 1015 Bonus ------- None Cogmind --------- Core Integrity 0/250 Matter 195/300 Energy 248/250 System Corruption 0% Temperature Cool (0) Movement Rolling (95) Ox1 Location -10/Mines Parts ------- > --- POWER (1) -------- Ion Engine > --- PROPULSION (2) --- Wheel Wheel > --- UTILITY (2) ------ Large Storage Unit Core Shielding > --- WEAPON (2) ------- Grenade Launcher Grenade Launcher > --- INVENTORY (15) --- Ion Engine Light Ion Engine Light Ion Engine Wheel Compact Wheel Heat Sink Improved Heat Sink Cargo Storage Unit Medium Matter Pod (100) Medium Matter Pod (84) Signal Interpreter Targeting Computer Hacking Suite Small Laser Peak State ------------ > --- POWER ------------ Light Nuclear Core > --- PROPULSION ------- Wheel Compact Wheel > --- UTILITY ---------- Cargo Storage Unit > --- WEAPON ----------- Particle Gun Light Assault Rifle > --- INVENTORY -------- Ion Engine Light Ion Engine Heat Sink Improved Heat Sink Large Storage Unit Medium Matter Pod EM Pulse Gun Small Laser Small Laser Grenade Launcher [Rating: 11] Favorites ----------- Power Ion Engine Engine Ion Engine Power Core Light Nuclear Core Propulsion Wheel Wheel Wheel Utility Cargo Storage Unit Storage Cargo Storage Unit Protection Core Shielding Weapon Light Assault Rifle Energy Gun Particle Gun Ballistic Gun Light Assault Rifle Launcher Grenade Launcher Build | -11 -10 -10 ------- Run | Yrd Mat Min Slots Evolved . | . . . Power . | . . . Propulsion . | . . . Utility . | . . . Weapon . | . . . Parts Attached 25 | 6 12 7 Power 4 | 1 3 . Engine 3 | 1 2 . Core 1 | . 1 . Reactor . | . . . Propulsion 7 | 2 3 2 Treads . | . . . Leg . | . . . Wheel 7 | 2 3 2 Hover . | . . . Flight . | . . . Utility 4 | 1 2 1 Device . | . . . Storage 3 | 1 2 . Processor . | . . . Hackware . | . . . Protection 1 | . . 1 Artifact . | . . . Weapon 10 | 2 4 4 Energy Gun 5 | 1 1 3 Energy Cannon . | . . . Ballistic Gun 3 | 1 2 . Ballistic Cannon . | . . . Launcher 2 | . 1 1 Special Weapon . | . . . Impact Weapon . | . . . Slashing Weapon . | . . . Piercing Weapon . | . . . Special Melee Weapon . | . . . Unidentified Prototypes . | . . . Parts Lost 9 | . 4 5 Power 1 | . 1 . Propulsion 4 | . 2 2 Utility . | . . . Weapon 4 | . 1 3 Highest Loss Streak 5 | . 2 5 To Critical Strikes . | . . . Average Backups 12 | . 11 14 Power 2 | . 2 3 Propulsion 1 | . 1 1 Utility 5 | . 4 8 Weapon 3 | . 3 1 Tool/Special . | . . . Unused Backups 9 | . . 9 Power 1 | . . 1 Propulsion 1 | . . 1 Utility 7 | . . 7 Weapon . | . . . Tool/Special . | . . . Average Slot Usage (%) 84 | . 80 95 Engine 10 | . 8 14 Core 3 | . 5 . Wheel 24 | . 23 26 Storage 14 | . 14 14 Protection 3 | . . 11 Energy Gun 13 | . 13 13 Ballistic Gun 9 | . 13 1 Launcher 4 | . . 12 Peak Build Rating 11 | 6 11 10 Average Rating 8 | 4 8 8 On Entrance 5 | . 6 10 Naked Turns . | . . . Heaviest Build 151 | 12 151 150 Greatest Support 26 | 20 26 26 Greatest Overweight (x) 15 | . 15 9 Average Overweight (x) 4 | . 6 1 Largest Inventory Capacity 30 | 8 30 30 Average Capacity 25 | 7 28 17 Most Carried 19 | 2 19 19 Average Carried 12 | . 11 15 Final Capacity 30 | 8 30 15 Final Carried 19 | 2 19 15 Class Distribution -------------------- 66% | Hauler-Mutant 33% | Mutant Dominant Class ---------------- Hauler-Mutant | -10/Materials Mutant | -10/Mines Resources | -11 -10 -10 ----------- Run | Yrd Mat Min Matter Collected 704 | 255 330 119 Remotely . | . . . Salvage Created 748 | . 684 64 Parts 47 | . 45 2 Haulers Intercepted 1 | . 1 . Recyclers Shooed 3 | . 3 . Parts Field Recycled . | . . . Retrieved Matter . | . . . Parts Self-Destructed . | . . . Prevented . | . . . Kills | -11 -10 -10 ------- Run | Yrd Mat Min Combat Hostiles Destroyed 14 | . 10 4 Guns 10 | . 8 2 AOE 4 | . 2 2 Classes Destroyed 10 | . 8 2 Worker 3 | . 3 . Builder 1 | . 1 . Tunneler 1 | . . 1 Hauler 1 | . 1 . Recycler 2 | . 2 . Operator 1 | . 1 . Watcher 3 | . 3 . Swarmer 3 | . 3 . Grunt 9 | . 7 2 Assembled 2 | . . 2 Best Kill Streak 4 | . 4 2 Combat Bots Only 3 | . 3 2 Max Kills in Single Turn 2 | . 2 1 Gunslinging . | . . . Exploded 2 | . 2 1 Melee . | . . . Uniques/NPCs Destroyed . | . . . Combat | -11 -10 -10 -------- Run | Yrd Mat Min Hostile Shots Fired 103 | . 74 29 Missed 18 | . 15 3 Hits 85 | . 59 26 Projectile 85 | . 59 26 AOE 1 | . . 1 Damage Taken 1096 | . 698 398 Core 255 | . 161 94 Absorbed by Shields . | . . . Redirected to Shielding 6 | . . 6 Core Remaining (%) 100 | 100 . . Volleys Fired 102 | . 81 21 Largest 2 | . 2 2 Hottest 105 | . 95 105 Shots Fired 192 | . 155 37 Gun 178 | . 152 26 Cannon . | . . . Launcher 14 | . 3 11 Special . | . . . Kinetic 76 | . 74 2 Thermal 93 | . 78 15 Explosive 14 | . 3 11 Electromagnetic 9 | . . 9 Robot Hit Streak 14 | . 14 4 Robot Miss Streak 7 | . 7 4 Penetration Max . | . . . Secondary Targets 1 | . 1 . Max Gunslinging Chain 1 | . 1 . Shots Hit Robots 118 | . 99 19 Core Hits 54 | . 41 13 Critical Kills . | . . . Critical Parts Destroyed . | . . . Critical Strikes 4 | . 3 1 Burn 4 | . 3 1 Melee Attacks . | . . . Impact . | . . . Slashing . | . . . Piercing . | . . . Sneak Attacks . | . . . Combat Hostiles . | . . . Follow-up Attacks . | . . . Damage Inflicted 1738 | . 1148 590 Guns 1238 | . 1066 172 Cannons . | . . . Explosions 500 | . 82 418 Melee . | . . . Ramming . | . . . Kinetic 471 | . 459 12 Thermal 698 | . 607 91 Explosive 500 | . 82 418 Electromagnetic 69 | . . 69 Impact . | . . . Slashing . | . . . Piercing . | . . . Highest Corruption . | . . . Average Corruption . | . . . Corruption Purged . | . . . Corruption Blocked . | . . . Overload Shots . | . . . Overflow Damage . | . . . Projectiles . | . . . Explosions . | . . . Melee . | . . . Knockbacks . | . . . Impact . | . . . Kinetic . | . . . Secondary . | . . . Self-Inflicted Damage 46 | . . 46 Shots 2 | . . 2 Rammed . | . . . Targets Rammed . | . . . Kicked . | . . . Crushed . | . . . Highest Temperature 342 | . 197 342 Average Temperature 94 | . 79 159 Received Heat Transfer 445 | . 327 118 Effects 3 | . . 3 Shutdowns 1 | . . 1 Damage (minor) 2 | . . 2 Siege Activations . | . . . Martial Activations . | . . . Shielding Activations . | . . . Robots Disrupted . | . . . Combat Hostiles . | . . . Robots Corrupted . | . . . Combat Hostiles . | . . . Parts Fried . | . . . Impact Corruptions . | . . . Robots Melted . | . . . Combat Hostiles . | . . . Parts Melted . | . . . Heat Transferred 1957 | . 1660 297 Parts Sabotaged . | . . . Parts Stolen . | . . . Parts Stripped . | . . . Power Chain Reactions . | . . . Alert | -11 -10 -10 ------- Run | Yrd Mat Min Maximum Alert Level . | . . . Low Security (%) 100 | 100 100 100 Level 1 . | . . . Level 2 . | . . . Level 3 . | . . . Level 4 . | . . . Level 5 . | . . . High Security . | . . . Max Security . | . . . Peak Influence 87 | . 87 54 Initial 3 | . . 3 Average 15 | . 19 8 Influence Increases 504 | . 413 91 Destroy 0b10 Robot/C 240 | . 200 40 Destroy 0b10 Robot/NC 60 | . 55 5 Destroy Leader 58 | . 58 . Successful Hack 26 | . 26 . Disable Machine 60 | . 45 15 Destroy Structure 60 | . 29 31 Influence Decreases 504 | . 405 99 Entered New Map 5 | . . 5 Time Decay 459 | . 365 94 Lost Part 40 | . 40 . Squads Dispatched 2 | . 2 . Investigation 1 | . 1 . Extermination . | . . . Reinforcement 1 | . 1 . Assault . | . . . Garrison . | . . . Intercept . | . . . Searches Triggered . | . . . Construction Impeded . | . . . Haulers Reinforced . | . . . Active Scanning Responses . | . . . Cargo Convoy Interrupts . | . . . Stealth | -11 -10 -10 --------- Run | Yrd Mat Min Distress Signals 4 | . 1 3 Communications Jammed . | . . . Distress Signals . | . . . Times Spotted 27 | . 22 5 Peak Tracking Total 5 | . 5 2 Tactical Retreats . | . . . Traps | -11 -10 -10 ------- Run | Yrd Mat Min Traps Triggered 1 | . 1 . Indirectly . | . . . Trap Hack Attempts . | . . . Triggered . | . . . Disarmed . | . . . Reprogrammed . | . . . Reused . | . . . Traps Extracted . | . . . Installed . | . . . Triggered . | . . . Machines | -11 -10 -10 ---------- Run | Yrd Mat Min Machines Disabled 4 | . 3 1 Max in Single Turn 1 | . 1 1 Machines Repaired . | . . . Machines Dismantled . | . . . Machines Sabotaged . | . . . Overloaded Fab Kills . | . . . Hacking | -11 -10 -10 --------- Run | Yrd Mat Min Machines Accessed 7 | . 7 . Terminals 5 | . 5 . Fabricators . | . . . Repair Stations . | . . . Recycling Units 2 | . 2 . Scanalyzers . | . . . Garrison Access . | . . . Total Hacks 26 | . 26 . Successful 15 | . 15 . Failed 10 | . 10 . Catastrophic 2 | . 2 . Database Lockouts 1 | . 1 . Manual 22 | . 22 . Terminals 23 | . 23 . Fabricators . | . . . Repair Stations . | . . . Recycling Units 3 | . 3 . Scanalyzers . | . . . Garrison Access . | . . . Terminal Hacks 6 | . 6 . Record 1 | . 1 . Robot Analysis 2 | . 2 . Level Access Points 1 | . 1 . Branch Access Points 1 | . 1 . Dispatch Records 1 | . 1 . Fabricator Hacks . | . . . Repair Station Hacks . | . . . Recycling Unit Hacks 3 | . 3 . Report Inventory 1 | . 1 . Retrieve Components 2 | . 2 . Scanalyzer . | . . . Garrison Access Hacks . | . . . Unauthorized Hacks 6 | . 6 . Terminals 6 | . 6 . Track 1 | . 1 . Botnet 4 | . 4 . Operators 1 | . 1 . Fabricators . | . . . Repair Stations . | . . . Recycling Units . | . . . Scanalyzers . | . . . Garrison Access . | . . . Data Cores Recovered . | . . . Used . | . . . Hacking Detections 6 | . 6 . Full Trace Events 1 | . 1 . Feedback Events . | . . . Feedback Blocked . | . . . Robot Schematics Acquired . | . . . Robots Built . | . . . Authchips . | . . . Time . | . . . Total Robot Build Rating . | . . . Part Schematics Acquired . | . . . Parts Built . | . . . Authchips . | . . . Time . | . . . Total Part Build Rating . | . . . Parts Repaired . | . . . Time . | . . . Parts Recycled . | . . . Recycled Matter . | . . . Retrieved Matter . | . . . Retrieved Components 12 | . 12 . Parts Scanalyzed . | . . . Part Schematics Acquired . | . . . Parts Damaged . | . . . Bothacking | -11 -10 -10 ------------ Run | Yrd Mat Min Used RIF Installer . | . . . Robots Hacked . | . . . Non-combat . | . . . Combat . | . . . Robot Hacks Applied . | . . . Relay Couplers Released . | . . . Fabnet Peak Effective % . | . . . Robots Rewired . | . . . Allies Hacked . | . . . Hacks Repelled . | . . . Allies | -11 -10 -10 -------- Run | Yrd Mat Min Total Allies . | . . . Largest Group . | . . . Highest-Rated Group . | . . . Highest-Rated Ally . | . . . Total Orders . | . . . Ally Attacks . | . . . Total Damage . | . . . Kills . | . . . Allies Corrupted . | . . . Allies Melted . | . . . Intel | -11 -10 -10 ------- Run | Yrd Mat Min Active Infowar (turns) . | . . . Robot Analysis Total 2 | . 2 . Derelict Logs Recovered 1 | . . 1 Drone Launches . | . . . Drone Recoveries . | . . . Exploration | -11 -10 -10 ------------- Run | Yrd Mat Min Turns Passed 2063 | 37 1403 623 Spaces Moved 1059 | 34 601 424 Core 3 | 3 . . Treads . | . . . Legs . | . . . Wheels 1056 | 31 601 424 Hover . | . . . Flight . | . . . Fastest Speed 50 | 50 80 80 Average Speed 145 | 77 182 99 Slowest Speed 305 | 80 305 235 Overloaded Moves . | . . . Propulsion Burnouts . | . . . Robots Hopped . | . . . Potential Cave-ins . | . . . Cave-ins Triggered . | . . . Exploration Rate (%) 52 | 4 85 67 Regions Visited 2 Branch Regions 1 Pre-discovered Areas . | . . . Known Exits Taken 1 | . 1 . Unknown Exits Taken 1 | 1 . . Scrap Searched . | . . . Spaces Dug . | . . . Terrain Destroyed 68 | . 28 40 Melee . | . . . Projectile . | . . . AOE 68 | . 28 40 Terrain Rammed . | . . . Walls Destroyed . | . . . Machines Disabled . | . . . Actions | -11 -10 -10 --------- Run | Yrd Mat Min Total 1392 | 41 762 589 Wait 172 | . 48 124 Move 1057 | 33 600 424 Hop . | . . . Pick Up 26 | 2 15 9 Fast Attach 14 | 6 5 3 Attach 7 | . 2 5 Detach 2 | . 2 . Swap 8 | . 7 1 Drop 4 | . 2 2 Fire 102 | . 81 21 Melee . | . . . Ram . | . . . Kick . | . . . Crush . | . . . Escape Stasis . | . . . Rewire . | . . . Trap . | . . . Miscellaneous . | . . . Route ------- -11/Scrapyard -10/Materials (discovered 4 exits: *Mat x3 / *Min) -10/Mines (discovered 1 exit: Sub) History --------- Turn | Location | Event 20 | -11/Scrapyard | Discovered new exit (range 15) 38 | -11/Scrapyard | Entered Materials 268 | -10/Materials | Discovered new exit (range 7) 417 | -10/Materials | Build established: Hauler-Mutant 567 | -10/Materials | Core integrity fell below 50% 830 | -10/Materials | Discovered new exit (range 3) 907 | -10/Materials | Discovered new exit (range 14) 1054 | -10/Materials | Identified exit to Mines 1204 | -10/Materials | Central database locked down 1230 | -10/Materials | Identified exit to Materials 1441 | -10/Materials | Entered Mines 1478 | -10/Mines | Excavation squad dispatched 1478 | -10/Mines | A large section of the Mines collapsed 1496 | -10/Mines | Core integrity fell below 20% 1551 | -10/Mines | Lost 5 parts (2n3w) 1728 | -10/Mines | Excavation squad dispatched 1782 | -10/Mines | Build established: Mutant 1822 | -10/Mines | YI-UF0 nonchalantly dropped a Grenade Launcher on the ground 1958 | -10/Mines | Identified exit to Subcaves 1978 | -10/Mines | Excavation squad dispatched 2064 | -10/Mines | Destroyed by YI-UF0 with YI-UF0's Doublenader Last Messages --------------- 01822_ YI-UF0 nonchalantly drops a Grenade Launcher on the ground. 01824_ Dropped Sml. Laser. 01824_ Acquired Grenade Launcher. 01841_ K-01 Serf collects debris. 01842_ G-34 Mercenary destroyed. 01844_ K-01 Serf collects debris. 01847_ The unstable cave ceiling collapses. 01848_ K-01 Serf collects debris. 01851_ Acquired 3 matter. 01854_ K-01 Serf collects debris. 01864_ Pressure Siphon disabled. 01864_ G-34 Mercenary destroyed. 01866_ K-01 Serf collects debris. 01874_ Acquired 3 matter. 01875_ K-01 Serf collects debris. 01958_ Acquired derelict log, extracted data. Loading 1 Mines exit... 01965_ T-07 Excavator is excavating. 01978_ ALERT: Derelict activity in mines confirmed. Dispatching additional escorted excavation squad. Map ----- +----------------------------------------------------+ | ??????### #????????????## #??####? | | ??????# #?????????????## #### ## | | ??????# ###???????####???# ## # | | ??????# #????????## ##?## | | ??????# #???????## #?# | | ??????# #?????### ### | | ??????# #????## ## | | ??????# #????# ## ## | | ??????# #????# ####### | | ??????# #????# ##???# | | ??????# #????## #???# | | ??????# #?????# #??## | | ??????# #?????## ##### | | ??????# #??????## ##?# | | ??????# #???????### ##### | | ??????# #?????????## ##?# | | ?????## #??????????# #??# | | ?????# #?????????## ##?# ### | | ?????# #####????## ### ## | | ?????# [ ##???# ######## | | ?????## ! #???# ####??????# | | ??????## ! #???# #??#??????# | | ???????### ##??# ## ### ####?### | | ?????????## #???# ### # ??# | | ???#??????# #???##### # ##???# # | | ???# ????#@###????# % % #???# ? | | ???# ### ##???# #### # | | ????# #???# % ###### | | ????## " #### # # # #?? | | ?????### # #### #??? ##?? | | ???????## ####???? #????#??? | | ???????? = #????????#???????? | | ????????= # # ###????????????????? | | ??????? g=%# # #??????????????????? | | ??????? [=## ###??????????????????? | | ?????? ??# #????????????????????? | | ?????? ???##????????????????????? | | ????? ?????????????????????????? | | ????? ?????????????????????????? | | ??????? ??????????????????????????? | | ???????????????????????????????????? | | ???????????????????????????????????? | | ???????????????????????????????????? | | ???????????????????????????????????? | | ???????????????????????????????????? | | ???????????????????????????????????? | | ???????????????????????????????????? | | ???????????????????????????????????? | | ???????????????????????????????????? | | ?????????????>?????????????????????? | +----------------------------------------------------+ Best States ------------- Heat Dissipation 25 Energy Generation 14 Energy Capacity 250 Matter Stores 300 Matter Capacity 300 Sight Range 16 Terrain Scan Density 10 Core Shielding 20 Evasion (%) 44 Item Schematics ----------------- None Robot Schematics ------------------ None Fabricated ------------ Nothing Repaired ---------- Nothing Alien Tech Used ----------------- None Achievements -------------- None Challenges ------------ None Game ------ Seed ConceptFieldShredder Manual? 0 Play Time 00:18:53 Cumulative 99.7 hours Start 2025.05.11 @ 17:23:54 End 2025.05.11 @ 17:42:46 Sessions 1 Manual Loads 0 Difficulty Rogue Special Mode None Game No. 85 Rogue 85 Adventurer 0 Explorer 0 Win Type - Total 0 Types 0/0/0/0/0/0/0/0/0/0 Lore% 28 Gallery% 49 Achievement% 49 Wizard Run 0 Options --------- Layout 0 ASCII 0 Keyboard 0 Movement Mouse Keybinds 0 Fullscreen 1 Font 18/SmallcapsGlow Map View 76x50 Zoom Use 0% Tactical HUD 1 Map Filters NONE Filters NONE Steam 1 RUN: 3ec40b0b-0e57-4ec7-aa98-efb7fc86dffb